 Dungeon Crawl Stone Soup version 0.30-b1-2-g02819fbbbe (webtiles) character file.

Game seed: 6062990393621587634

139 raph the Caller (level 5, -1/28 HPs)
             Began as a Tengu Summoner on Dec 8, 2023.
             Slain by an ufetubus (2 damage)
             ... on level 4 of the Dungeon.
             The game lasted 00:04:50 (2427 turns).

raph the Caller (Tengu Summoner)                    Turns: 2427, Time: 00:04:51

Health: -1/28      AC:  2    Str:  9    XL:     5   Next: 22%
Magic:  9/9        EV: 15    Int: 17    God:
Gold:   86         SH:  0    Dex: 14    Spells: 2/8 levels left

rFire   . . .        q - +0 glaive
rCold   + . .        (shield currently unavailable)
rNeg    . . .        a - +0 robe
rPois   .            (helmet restricted)
rElec   .            (no cloak)
rCorr   .            (no gloves)
SInv    .            (boots unavailable)
Will    .....        (no amulet)
Stlth   ++           g - ring of protection from cold
HPRegen 0.24/turn    (no ring)
MPRegen 0.11/turn

%: no passive effects
@: flying quickly and evasively, quick
A: beak, talons 3, nimble flight
a: no special abilities


You were on level 4 of the Dungeon.
You visited 1 branch of the dungeon, and saw 4 of its levels.

You collected 86 gold pieces.

Inventory:

Hand Weapons
 e - a +0 short sword
 f - a +0 dagger
 o - a +2 whip of draining
 q - a +0 glaive (weapon)
Missiles
 c - 3 javelins
 j - a throwing net
Armour
 a - a +0 robe (worn)
Jewellery
 g - a ring of protection from cold (left hand)
Scrolls
 r - a scroll of fog
Potions
 b - a potion of magic
 d - a potion of brilliance {unknown}
 h - 2 potions of might
 i - a potion of attraction {unknown}
 k - a potion of curing {unknown}
 l - 4 potions of mutation
 m - a potion of flight {unknown}


   Skills:
 + Level 0.4 Fighting
 + Level 0.5 Polearms
 + Level 2.4 Dodging
 + Level 2.1 Stealth
 + Level 2.1 Spellcasting
 * Level 7.2 Summonings


You had 2 spell levels left.
You knew the following spells:

 Your Spells              Type           Power      Damage    Failure   Level
a - Summon Small Mammal   Summ           100%       N/A       1%          1
b - Call Imp              Summ           52%        N/A       1%          2
c - Call Canine Familiar  Summ           26%        N/A       3%          3

Your spell library contained the following spells:

 Spells                   Type           Power      Damage    Failure   Level
 Summon Guardian Golem    Hex/Summ       14%        N/A       13%         3
 Summon Lightning Spire   Summ/Air       14%        N/A       38%         4
 Eringya's Noxious Bog    Tmut/Pois      0%         N/A       100%        6
 Statue Form              Tmut/Erth      0%         N/A       100%        6
 Necromutation            Tmut/Necr      0%         N/A       100%        8


Dungeon Overview and Level Annotations

Branches:
Dungeon (4/15)
 Temple: D:4-7

Altars:


Innate Abilities, Weirdness & Mutations

You have a beak for a mouth.
You have claws for feet.
Your magical nature lets you fly swiftly and evasively.


Message History

There is a stone staircase leading down here.
You fly downwards.
The goblin shouts!
You hear a shout! x5
Found three items.
Found a stone staircase leading down.
There is a stone staircase leading up here.
You reach to attack!
You closely miss the goblin.
A hobgoblin comes into view.
An ufetubus comes into view.
The ufetubus shouts!
You slash the goblin!
You kill the goblin!
A goblin comes into view. It is wielding a +0 dagger.
You see here a +0 dagger.
You reach to attack!
You miss the ufetubus. The ufetubus misses you.
The ufetubus closely misses you.
You closely miss the ufetubus. Your kick misses the ufetubus.
The ufetubus misses you. The ufetubus hits you.
The ufetubus closely misses you. The ufetubus barely misses you. x2
The ufetubus closely misses you.
You hit the ufetubus.
You claw the ufetubus, but do no damage.
The ufetubus is severely wounded.
The ufetubus closely misses you. The ufetubus barely misses you.
The ufetubus hits you. The ufetubus misses you. The hobgoblin hits you.
You barely miss the ufetubus. You peck the ufetubus.
The ufetubus is severely wounded.
The ufetubus hits you but does no damage.
The ufetubus misses you. The ufetubus closely misses you.
The ufetubus hits you. The hobgoblin closely misses you. The goblin misses you.
The ufetubus completely misses you. The ufetubus hits you.
The hobgoblin barely misses you. The goblin barely misses you.
You closely miss the ufetubus. Your kick misses the ufetubus.
The ufetubus is severely wounded.
The ufetubus hits you. The ufetubus closely misses you.
The ufetubus hits you. x2
* * * LOW HITPOINT WARNING * * *
The hobgoblin hits you.
* * * LOW HITPOINT WARNING * * *
The goblin hits you with a +0 dagger.
* * * LOW HITPOINT WARNING * * *
The ufetubus barely misses you. The ufetubus hits you.
You die...

..#. ... .....
... ##.. ...?.
..# ...
#.#...#...#. #
#.......#.. .#
#>....#...#..#
#.......#..#
...?..gg..##
#......@...#
#......5.......
...............
.#...........?.
#.............
#.............
##.####.######
#. .#


You could see an ufetubus, a hobgoblin and a goblin.

Vanquished Creatures
  4 adders (D:3)
  5 dart slugs
  A bat (D:3)
  3 endoplasms
  3 giant cockroaches
  6 hobgoblins
  3 jackals (D:2)
  6 kobolds
  A quokka (D:2)
  2 ball pythons
  3 frilled lizards
  6 goblins
  4 rats
47 creatures vanquished.

Vanquished Creatures (collateral kills)
  2 adders (D:2)
  3 ball pythons
  3 bats
  An endoplasm (D:1)
  A giant cockroach (D:1)
  5 goblins
  3 jackals (D:2)
  2 frilled lizards
  A kobold (D:2)
  3 rats
24 creatures vanquished.

Grand Total: 71 creatures vanquished

Notes
Turn   | Place    | Note
-------+----------+-------------------------------------------
     0 | D:1      | raph the Tengu Summoner began the quest for the Orb.
     0 | D:1      | Reached XP level 1. HP: 10/10 MP: 4/4
    34 | D:1      | Reached skill level 5 in Summonings
    94 | D:1      | Reached XP level 2. HP: 14/15 MP: 6/6
   121 | D:1      | Got the Enchiridion on the Body and Grit
   168 | D:1      | Learned a level 2 spell: Call Imp
   292 | D:1      | Reached XP level 3. HP: 14/19 MP: 3/7
   296 | D:1      | Reached skill level 6 in Summonings
   354 | D:1      | Learned a level 3 spell: Call Canine Familiar
   944 | D:2      | Reached XP level 4. HP: 21/24 MP: 2/8
  1307 | D:2      | Reached skill level 7 in Summonings
  2127 | D:3      | Gained mutation: Your magical nature lets you fly swiftly
                  | and evasively. [Tengu growth]
  2127 | D:3      | Reached XP level 5. HP: 28/28 MP: 7/9
  2233 | D:3      | Identified the +3 short sword "Gualol" {flame, Str+6}
  2427 | D:4      | HP: 1/28 [goblin/+0 dagger[Robin] (1)]
  2427 | D:4      | Slain by an ufetubus

Illustrated notes

Levels and vault maps discovered:
D:1:      doesnt_arrival_eight_statues, layout_rooms, fountainhead
D:2:      layout_rooms
D:3:      layout_basic
D:4:      layout_rooms, minmay_temple_entry_butterflies, hex_tiny, uniq_robin,
          uniq_natasha

Skill      XL: |  1  2  3  4 |
---------------+-------------+-----
Summonings     | 5 6 7 |  7.2
Fighting       | |  0.4
Polearms       | |  0.5
Dodging        | |  2.4
Stealth        | |  2.1
Spellcasting   | |  2.1

Action                     |  1- 3 |  4- 6 || total
---------------------------+-------+-------++-------
  Melee: Kick              |    14 |     7 ||    21
         Dagger            |    33 |       ||    33
         Unarmed           |     1 |       ||     1
         Whip              |    10 |    27 ||    37
         Peck              |     5 |     2 ||     7
         Glaive            |       |    46 ||    46
  Throw: Javelin           |     2 |       ||     2
   Cast: Summon Small Mamm |    14 |     1 ||    15
         Call Imp          |     7 |     6 ||    13
         Call Canine Famil |     1 |       ||     1
    Use: Scroll            |     3 |     4 ||     7
   Stab: Sleeping          |     2 |     5 ||     7
 Armour: Robe              |    11 |    13 ||    24
  Dodge: Dodged            |    39 |    62 ||   101
